Map: [ESL] Oceanborn

Players

MaNa

  • Race: Protoss Protoss
  • Spawn Location: 5:00

BattleB - Winner!

  • Race: Terran Terran
  • Spawn Location: 11:00

Event: ESL SC2 Masters 2023 Winter (Regional)

VOD

Have the link to the VOD?

Description

Time

  • Played on: Nov. 2, 2023, 12:25 p.m.
  • Length: 10:07

All games in this series

Show
View Real Time Build Order
Export as new Build Order

MaNa Protoss 

Build Orders: Blink Stalkers 

Get SALT Encoding   

  12  0:00  Probe  
  13  0:12  Probe  
  14  0:17  Pylon  
  14  0:24  Probe (Chrono Boost)  
  15  0:36  Gateway, Probe (Chrono Boost)  
  16  0:44  Probe (Chrono Boost)  
  16  0:45  Assimilator  
  17  0:51  Probe  
  18  1:03  Probe  
  19  1:15  Probe  
  20  1:24  Cybernetics Core  
  20  1:27  Probe  
  20  1:32  Pylon  
  21  1:39  Probe  
  22  1:51  Probe  
  23  1:57  Nexus  
  23  1:59  Adept (Chrono Boost)  
  23  2:06  Probe  
  26  2:09  Warp Gate  
  26  2:14  Assimilator  
  26  2:18  Probe  
  26  2:21  Adept (Chrono Boost)  
  29  2:30  Probe  
  30  2:37  Twilight Council  
  30  2:42  Probe  
  31  2:54  Gateway  
  31  3:06  Shield Battery  
  31  3:08  Blink (Chrono Boost), Stalker  
  31  3:09  Probe  
  34  3:14  Probe  
  35  3:21  Probe  
  35  3:26  Probe  
  37  3:33  Probe  
  38  3:38  Probe  
  39  3:45  Probe  
  39  3:47  Shield Battery  
  40  3:50  Probe  
  41  3:57  Probe, Stalker x2  
  46  4:08  Pylon  
  46  4:12  Robotics Facility  
  46  4:18  Gateway  
  46  4:26  Stalker x2, Probe x2  
  46  4:27  Pylon  
  51  4:38  Probe x2  
  51  4:40  Assimilator  
  51  4:45  Pylon  
  53  4:49  Stalker x2  
  53  4:50  Probe x2  
  59  5:00  Warp Prism (Chrono Boost)  
  59  5:02  Probe x2  
  59  5:06  Pylon  
  62  5:15  Probe x2  
  64  5:25  Charge  
  64  5:26  Nexus  
  64  5:29  Observer  
  64  5:32  Pylon, Probe x2  
  67  5:36  Sentry  
  67  5:39  Gateway  
  69  5:44  Gateway  
  69  5:50  Stalker  
  69  5:51  Observer  
  69  5:52  Stalker  
  69  5:53  Probe  
  69  5:54  Probe  
  74  6:05  Probe  
  74  6:07  Probe  
  76  6:12  Gateway  
  76  6:15  Gateway  
  76  6:17  Probe  
  77  6:19  Probe  
  77  6:23  Immortal  
  82  6:29  Probe  
  82  6:30  Templar Archives  
  82  6:31  Probe  
  84  6:41  Probe  
  84  6:43  Probe  
  86  6:48  Probe  
  86  6:52  Gateway  
  86  6:53  Probe  
  88  6:55  Gateway, Probe  
  88  6:56  Assimilator  
  88  7:00  Probe  
  89  7:02  Immortal  
  89  7:06  Zealot x4  
  101  7:11  Shield Battery  
  101  7:16  Pylon  
  101  7:18  Pylon  
  98  7:32  Zealot x4  
  98  7:35  Zealot x2  
  82  7:47  Stalker x4  
  79  7:52  Probe  
  79  7:53  High Templar x3  
  79  7:54  Psionic Storm  
  79  7:57  Shield Battery  
  86  8:00  Pylon  
  86  8:01  Zealot  
  86  8:04  Shield Battery  
  88  8:08  Shield Battery  
  88  8:10  Forge  
  88  8:13  Zealot x4  
  91  8:20  Archon  
  91  8:22  Stalker  
  91  8:25  Zealot x3  
  71  8:34  Zealot x3  
  71  8:35  Zealot  
  75  8:41  Stalker  
  75  8:46  Zealot x4  
  81  8:50  Immortal  
  81  8:55  Stalker  
  83  9:00  High Templar  
  83  9:02  Zealot x2  
  87  9:05  Probe x2  
  89  9:11  Photon Cannon  
  89  9:12  High Templar  
  91  9:18  Zealot x3  
  91  9:22  Stalker  
  94  9:30  Stalker x2  
  80  9:40  Zealot x2  
  80  9:41  Zealot x3  
  80  9:44  Stalker  
  80  9:51  Stalker  
  78  9:53  Stalker x2  
  76  10:01  High Templar, Zealot  
  76  10:02  Zealot x2  
Show
View Real Time Build Order
Export as new Build Order

BattleB Terran - Winner!

Build Orders: Cyclone Opening 

Get SALT Encoding   

  12  0:00  SCV  
  13  0:12  SCV  
  14  0:16  Supply Depot  
  14  0:24  SCV  
  14  0:27  Refinery  
  15  0:38  SCV  
  16  0:44  Barracks  
  16  0:50  SCV  
  17  1:02  SCV  
  18  1:14  SCV  
  18  1:15  Engineering Bay  
  19  1:31  Orbital Command, Marine  
  20  1:37  Factory  
  20  1:50  Barracks Reactor  
  20  1:57  SCV  
  20  2:00  Supply Depot  
  21  2:09  SCV  
  22  2:19  Command Center  
  22  2:21  SCV  
  23  2:29  Cyclone  
  25  2:31  Cyclone  
  25  2:34  SCV  
  25  2:36  Marine  
  29  2:41  Supply Depot  
  29  2:46  SCV  
  29  2:48  Refinery  
  30  2:54  Marine  
  31  3:03  Hellion, SCV  
  31  3:04  Hellion  
  36  3:13  Starport  
  36  3:15  SCV  
  37  3:27  SCV  
  37  3:29  Marine  
  37  3:30  Factory Tech Lab  
  37  3:31  Marine  
  40  3:42  SCV  
  41  3:48  Marine  
  41  3:49  Marine  
  41  3:53  Siege Tank  
  41  3:54  Starport Tech Lab, SCV  
  47  3:59  Orbital Command  
  47  4:06  SCV  
  47  4:09  Marine x2  
  50  4:17  Raven, Interference Matrix  
  50  4:18  SCV  
  50  4:20  Supply Depot  
  51  4:25  SCV  
  51  4:28  Bunker  
  51  4:30  Marine, SCV  
  54  4:36  Barracks  
  54  4:41  SCV, Marine  
  54  4:42  SCV, Supply Depot  
  57  4:46  Siege Tank  
  60  4:54  SCV x2  
  60  4:59  Barracks, Marine x2  
  62  5:06  SCV  
  63  5:09  Supply Depot  
  63  5:13  SCV  
  62  5:17  Refinery  
  62  5:19  Engineering Bay  
  62  5:20  Marine x2  
  62  5:23  SCV  
  62  5:25  SCV  
  62  5:27  Starport Reactor  
  62  5:28  Factory Reactor, Supply Depot  
  64  5:33  Stimpack  
  64  5:38  Marine x2, SCV x2  
  64  5:39  Refinery  
  64  5:40  Marauder  
  70  5:44  Terran Infantry Weapons Level 1  
  70  5:50  SCV x2  
  70  5:53  Supply Depot  
  70  5:55  Combat Shield  
  72  5:57  Marine  
  72  5:58  Marine  
  72  6:01  Marauder  
  73  6:07  Marine  
  73  6:09  Widow Mine  
  73  6:11  Medivac  
  78  6:15  Marine x2  
  80  6:19  Medivac  
  80  6:25  Supply Depot  
  82  6:29  Marauder x2  
  82  6:30  Command Center  
  86  6:35  Marine x2  
  86  6:36  Supply Depot  
  86  6:38  Widow Mine  
  90  6:41  SCV x2  
  90  6:46  Medivac  
  94  6:49  Medivac  
  94  6:53  Marine x2  
  98  6:55  Marauder x2  
  102  7:05  SCV x2  
  102  7:06  Barracks x2  
  106  7:08  Widow Mine  
  106  7:10  Widow Mine  
  106  7:12  Marine x2  
  106  7:13  Concussive Shells  
  110  7:19  Supply Depot  
  110  7:29  SCV  
  110  7:30  SCV  
  110  7:31  Marine  
  110  7:34  Marauder  
  110  7:36  Marauder  
  104  7:37  Marine  
  104  7:39  Terran Infantry Armor Level 1  
  104  7:41  SCV  
  104  7:42  SCV  
  97  7:45  Widow Mine x2, Medivac x2  
  97  7:49  Marine  
  101  7:53  SCV  
  101  7:55  Barracks Reactor, Marauder  
  101  7:56  Barracks Tech Lab  
  101  7:58  Marine  
  101  7:59  Marauder  
  101  8:00  SCV  
  101  8:05  SCV  
  106  8:07  Marine  
  106  8:09  Orbital Command  
  107  8:16  Marine, SCV  
  107  8:19  Marauder x2  
  113  8:20  Ghost Academy  
  113  8:21  Marauder  
  113  8:22  SCV  
  113  8:25  Widow Mine  
  110  8:28  Medivac  
  110  8:29  Medivac  
  109  8:35  Widow Mine  
  109  8:36  Marine x3  
  109  8:37  Marine  
  109  8:38  SCV x2  
  109  8:40  SCV  
  117  8:42  Marauder x2  
  117  8:45  Marine  
  114  8:52  Refinery  
  114  8:53  Refinery  
  114  8:54  Marine  
  114  8:55  Marine  
  106  8:56  Marine  
  106  9:00  Marine, Supply Depot, SCV x3  
  106  9:02  Widow Mine x2, Supply Depot  
  115  9:08  Ghost x2  
  115  9:09  Bunker, Ghost  
  121  9:12  Marine  
  122  9:17  Marine x2  
  122  9:22  Marine  
  123  9:26  Supply Depot  
  123  9:30  Marine  
  123  9:31  Widow Mine x2  
  124  9:32  Medivac x2  
  124  9:35  Marine  
  124  9:36  Marine x2  
  118  9:45  Command Center  
  118  9:46  Marine  
  118  9:48  Marine  
  122  9:55  Supply Depot  
  122  9:56  Armory, Engineering Bay  
Tags
 
Add a new tag
Caveats
  • Supply blocks, unpowered buildings, or Contaminate may cause inaccurate times.
  • Supply counts are checked every 10 seconds.